 Dungeon Crawl Stone Soup version 0.28.0-53-g5a82cb258f (webtiles) character file.

Game seed: 18091460789528157164

28 pista233 the Skirmisher (level 3, 31/33 HPs)
             Began as a Ghoul Fighter on July 21, 2022.
             Quit the game on level 1 of the Dungeon.
             The game lasted 00:01:39 (1044 turns).

pista233 the Skirmisher (Ghoul Fighter)             Turns: 1044, Time: 00:01:40

Health: 31/33      AC:  6    Str: 21    XL:     3   Next: 14%
Magic:  2/2        EV:  9    Int:  3    God:
Gold:   23         SH:  4    Dex:  8    Spells: 2/2 levels left

rFire   . . .      SeeInvis .   a - +0 war axe
rCold   + . .      Faith    .   c - +0 buckler
rNeg    + + +      Spirit   .   b - +0 scale mail
rPois   ∞          Reflect  .   (no helmet)
rElec   .          Harm     .   (no cloak)
rCorr   .          Rampage  .   (no gloves)
Will    .....                   (no boots)
Stlth   ..........              (no amulet)
HPRegen 0.11/turn               (no ring)
MPRegen 0.08/turn               (no ring)

@: no status effects
A: claws 1, cold resistance 1, negative energy resistance 3, inhibited
regeneration, torment resistance 2
a: no special abilities


You were on level 1 of the Dungeon.
You visited 1 branch of the dungeon, and saw 1 of its levels.

You collected 23 gold pieces.

Inventory:

Hand Weapons
 a - a +0 war axe (weapon)
Armour
 b - a +0 scale mail (worn)
 c - a +0 buckler (worn)
Scrolls
 e - a scroll of identify {unknown}
Potions
 d - a potion of might


   Skills:
 + Level 3.6 Fighting
 + Level 2.1 Axes
 + Level 3.0 Armour
 + Level 3.0 Shields


You had 2 spell levels left.
You didn't know any spells.
Your spell library was empty.

Dungeon Overview and Level Annotations

Branches:
Dungeon (1/15)

Altars:


Innate Abilities, Weirdness & Mutations

You thrive by killing the living.
You are immune to poison.
You have sharp fingernails.
Your flesh is cold resistant. (rC+)
You are immune to negative energy. (rN+++)
You do not regenerate when monsters are visible.
You are immune to unholy pain and torment.


Message History

The bat hits you but does no damage.
You closely miss the bat. The bat closely misses you.
The bat hits you but does no damage.
You hit the bat.
You kill the bat!
You feel better.
You see here 21 stones.
Found a dagger.
You see here a +0 dagger.
You open the door.
There is an open door here.
There is an open door here.
Things that are here:
a +0 club; a stone; a kobold skeleton
There is an open door here.
There is an open door here.
You see here a +0 dagger.
You open the door.
Found a leather armour.
There is an open door here.
You open the door.
An endoplasm comes into view.
The endoplasm quivers.
An endoplasm is nearby!
The endoplasm hits you but does no damage.
The endoplasm freezes you.
You are frozen.
You resist.
You hit the endoplasm but do no damage. The endoplasm freezes you.
You are frozen.
You resist.
You hit the endoplasm.
The endoplasm is severely wounded.
The endoplasm freezes you.
You are frozen.
You resist. The endoplasm closely misses you.
You slash the endoplasm!
You kill the endoplasm!
Key pressed, stopping explore.
Number of times to repeat, then command key: You must enter the number of times for the command to repeat.
Are you sure you want to abandon this character and quit the game? (Confirm with "yes".)

'#.#### .#.#
.#.#############
.#.............#
.#############.###.###
.. ..............# ##
#######.#######
#.#....# #..@...#
###.#### #.# ###


There were no monsters in sight!

Vanquished Creatures
  6 endoplasms (D:1)
  3 giant cockroaches (D:1)
  2 goblins (D:1)
  2 ball pythons (D:1)
  6 bats (D:1)
  4 frilled lizards (D:1)
  2 kobolds (D:1)
  4 rats (D:1)
29 creatures vanquished.

Notes
Turn   | Place    | Note
-------+----------+-------------------------------------------
     0 | D:1      | pista233 the Ghoul Fighter began the quest for the Orb.
     0 | D:1      | Reached XP level 1. HP: 19/19 MP: 0/0
    82 | D:1      | Reached XP level 2. HP: 26/26 MP: 1/1
   773 | D:1      | Reached XP level 3. HP: 29/31 MP: 2/2
  1044 | D:1      | Quit the game

Illustrated notes

Levels and vault maps discovered:
D:1:      nagdon_arrival_zigzag_paths, layout_basic

Skill      XL: |  1  2 |
---------------+-------+-----
Axes           | 2 |  2.1
Armour         | 3 |  3.0
Shields        | 3 |  3.0
Fighting       | |  3.6

Action                   || total
-------------------------++-------
Melee: War axe           ||    80
Armor: Scale mail        ||    61
Dodge: Dodged            ||    68
Block: Buckler           ||    18
